 Dungeon Crawl Stone Soup version 0.15-a0-2227-g1e78800 (webtiles) character file.

70669 Meriados the Hoplite (level 15, 0/125 HPs)
             Began as a Formicid Fighter on July 24, 2014.
             Was the Champion of Okawaru.
             Killed by divine providence
             ... invoked by an orc priest
              (17 damage)
             ... on Level 4 of the Orcish Mines.
             The game lasted 02:09:48 (29616 turns).

Meriados the Hoplite (Formicid Fighter)            Turns: 29616, Time: 02:09:48

HP   0/125       AC 24     Str 31      XL: 15   Next: 79%
MP  19/19        EV 10     Int  9      God: Okawaru [******]
Gold 2686        SH 21     Dex 10      Spells:  0 memorised, 14 levels left

rFire  . . .     SeeInvis +     J - +11 cutlass of the Ass {drain, rElec}
rCold  + . .     Clarity  .     Q - +9 ring mail of Distant Worlds {Str+2}
rNeg   + . .     rCorr    .     w - +0 large shield
rPois  .         rRot     .     (helmet unavailable)
rElec  +         Spirit   .     C - +2 cloak {MR+}
SustAb .         Warding  .     (no gloves)
rMut   .         Stasis   +     Z - +2 pair of boots of Prudence {rC+ rN+}
Gourm  .                        (no amulet)
MR     ++...                    e - ring of regeneration
                                N - +3 ring of strength

@: very resistant to hostile enchantments, very unstealthy
A: permanent stasis, dig shafts and tunnels, four strong arms, antennae 3
a: Dig, Shaft Self, Heroism, Renounce Religion


You were on level 4 of the Orcish Mines.
You worshipped Okawaru.
Okawaru was exalted by your worship.
You were not hungry.

You visited 4 branches of the dungeon, and saw 23 of its levels.
You also visited: Bailey.

You collected 2686 gold pieces.

Inventory:

Hand weapons
 b - a +4 scimitar of flaming
 q - the +6 dagger of Qyroutia {antimagic, rN+ Str-4}
   (Okawaru gifted it to you on level 10 of the Dungeon)

   It disrupts the flow of magical energy around spellcasters and certain
   magical creatures (including the wielder).
   It affects your strength (-4).
   It protects you from negative energy.
 J - the +11 cutlass of the Ass (weapon) {drain, rElec}
   (You took it off a crimson imp on level 6 of the Dungeon)

   A truly terrible weapon, it drains the life of those it strikes.
   It insulates you from electricity.
 R - the +2 long sword of Order {slice, rPois}
   (You found it on level 8 of the Lair of Beasts)

   It inflicts extra damage upon your enemies.
   It protects you from poison.
Armour
 m - a +0 plate armour
 s - a +3 scale mail
 w - a +0 large shield (worn)
 C - a +2 cloak of magic resistance (worn)
 Q - the +9 ring mail of Distant Worlds (worn) {Str+2}
   (Okawaru gifted it to you on level 2 of the Orcish Mines)

   It affects your strength (+2).
 Z - the +2 pair of boots of Prudence (worn) {rC+ rN+}
   (Okawaru gifted it to you on level 1 of the Lair of Beasts)

   It protects you from cold.
   It protects you from negative energy.
Magical devices
 c - a wand of teleportation (8)
 f - a wand of random effects (9)
 g - a wand of enslavement (8)
 h - a wand of lightning (5) {unknown}
 j - a wand of random effects (10)
 o - a wand of polymorph (3)
 z - a wand of disintegration (8)
 A - a wand of cold (7) {unknown}
 F - a wand of random effects (15)
 K - a wand of confusion (4) {unknown}
 X - a wand of disintegration (11)
Comestibles
 d - 10 bread rations
 L - a royal jelly
 S - 2 meat rations
 U - 14 fruits
 Y - 3 chunks of orc flesh
Scrolls
 i - 4 scrolls of fog
 p - 2 scrolls of fear
 t - 4 scrolls of identify
 y - a scroll of summoning
 B - a scroll of enchant armour
 I - 2 scrolls of remove curse
Jewellery
 a - an uncursed ring of poison resistance
 e - a ring of regeneration (right hand)
 l - an uncursed ring of fire
 D - an uncursed ring of flight
 N - a +3 ring of strength (left hand)
Potions
 k - 3 potions of restore abilities {unknown}
 n - a potion of magic {unknown}
 r - 2 potions of poison {unknown}
 u - 4 potions of curing
 v - 4 potions of haste {unknown}
 x - 2 potions of agility
 E - a potion of might
 G - a potion of mutation {unknown}
 H - 4 potions of heal wounds
 O - a potion of cancellation {unknown}
 P - a potion of invisibility {unknown}
 V - a potion of resistance {unknown}
 W - 3 potions of brilliance {unknown}


   Skills:
 + Level 13.7 Fighting
 - Level 14.0(14.4) Short Blades
 + Level 8.6(10.7) Long Blades
 + Level 13.5 Armour
 + Level 14.3 Shields


You had 14 spell levels left.
You didn't know any spells.

Dungeon Overview and Level Annotations

Branches:
Dungeon (10/15)            Temple (1/1) D:5             Orc (4/4) D:10
    Elf (0/3) Orc:3          Lair (8/8) D:8           Swamp (0/5) Lair:4
  Snake (0/5) Lair:3        Slime (0/6) Lair:7

Altars:
Ashenzari
Cheibriados
Dithmenos
Elyvilon
Fedhas
Gozag
Kikubaaqudgha
Makhleb
Nemelex Xobeh
Okawaru
Qazlal
Sif Muna
Trog
Vehumet
Xom
Yredelemnul
Zin
The Shining One

Shops:
D:8 }   D:9 :   D:10 =   Orc:2 [   Orc:3 ?

Annotations:
D:7 Menkaure
Lair:7 exclusion: 4 oklob plants


Innate Abilities, Weirdness & Mutations

Your are under a permanent stasis effect.
You can dig through walls and to a lower floor.
Your four strong arms can wield two-handed weapons with a shield.
You have a pair of large antennae on your head (SInv).


Message History

You puncture the orc priest! You drain the orc priest!
The orc priest is almost dead.
You barely miss the orc priest.
The orc priest is almost dead.
The orc priest mumbles some strange prayers to Beogh against you.
You resist with almost no effort.
You slice the orc priest!!
You kill the orc priest!
Okawaru accepts your kill.
You closely miss the orc priest. You puncture the orc priest!
You drain the orc priest!
The orc priest is severely wounded.
You block the orc priest's attack.
You impale the orc priest!!
You kill the orc priest!
Okawaru accepts your kill.
Your ring mail of Distant Worlds prevents you from hitting the orc priest.
The orc priest mumbles some strange prayers to Beogh against you.
Something smites you!
You die...

#...........<...
####{....#........
#.#{....###.......
#o..(oo...).......
#o#...............
#.#...............
#.##....o.).......
##o#{..o).........
#@##{.........o...
###{..............
##..#...).......
##..............
#.....))..#)#.(.
##.............(
##....#........
#..............
##..............


You could see an orc priest.

Vanquished Creatures
  The ghost of vYxOr the Bludgeoner, a powerful OgFi of Okawaru (Lair:6)
  Gastronok (Lair:1)
  Snorg (Lair:3)
  Josephine (D:10)
  3 hydras
  Erica (Lair:1)
  An alligator (Lair:3)
  3 death yaks (Lair:7)
  The ghost of uri the Covert, an experienced SpEn of Nemelex Xobeh (D:9)
  Erolcha (D:8)
  2 griffons
  An orc sorcerer (Orc:4)
  3 orc knights
  A cyclops (Orc:3)
  Joseph (Lair:1)
  10 black mambas
  10 elephants
  8 komodo dragons
  Psyche (D:8)
  24 spiny frogs
  2 fire drakes
  A spriggan druid (Lair:7)
  2 trolls
  A queen bee (Lair:5)
  8 two-headed ogres
  32 blink frogs
  A hydra skeleton (D:10)
  3 basilisks
  4 wyverns
  51 yaks
  A hill giant zombie (D:8)
  6 spriggans (Lair:2)
  A hungry ghost (D:10)
  Eustachio (D:10)
  Grum (Orc:3)
  10 hippogriffs
  2 vampire mosquitoes (Lair:8)
  10 wolves
  19 water moccasins
  4 wargs
  The ghost of Meriados the Magician, an average DEWz (D:3)
  The ghost of Meriados the Magician, an average DEWz (D:4)
  26 orc warriors
  2 ice beasts
  A yellow wasp (D:8)
  4 sky beasts
  12 porcupines
  2 black bears
  25 ogres
  A boring beetle (D:8)
  3 centaurs
  18 crocodiles
  Sigmund (D:3)
  Duvessa (D:6)
  A brain worm (D:8)
  Blork the orc (D:8)
  28 giant frogs
  23 killer bees
  An eye of draining (D:9)
  A yak zombie (D:10)
  5 scorpions
  7 wights (D:8)
  8 electric eels
  4 goliath beetles
  A jelly (D:7)
  A giant frog zombie (D:5)
  Dowan (D:6)
  2 quasits
  6 crimson imps
  28 orc priests
  2 centaur skeletons
  Crazy Yiuf (D:4)
  8 hounds
  34 orc wizards
  Natasha (thrice) (D:3)
  11 iguanas
  A hippogriff simulacrum (D:10)
  10 worker ants
  54 sheep
  2 ogre zombies
  A giant frog simulacrum (D:10)
  An ogre skeleton (D:5)
  A hound zombie (D:9)
  2 hound skeletons
  5 gnolls
  23 adders
  22 green rats
  An ogre simulacrum (D:10)
  3 orc zombies
  3 orc skeletons
  2 shadow imps
  2 worms
  An adder skeleton (D:3)
  5 giant geckos
  4 oozes
  181 orcs
  2 ball pythons
  19 bats
  8 giant cockroaches
  40 goblins
  28 hobgoblins
  12 quokkas
  A giant gecko skeleton (D:7)
  10 giant newts
  14 jackals
  26 kobolds
  23 rats
  2 rat skeletons
  A rat zombie (D:6)
1020 creatures vanquished.

Vanquished Creatures (others)
  An electric eel (Lair:4)
  An adder (Lair:8)
  An orc (Orc:4)
  4 fungi
  3 plants
10 creatures vanquished.

Grand Total: 1030 creatures vanquished

Notes
Turn   | Place    | Note
--------------------------------------------------------------
     0 | D:1      | Meriados, the Formicid Fighter, began the quest for the Orb.
     0 | D:1      | Reached XP level 1. HP: 18/18 MP: 1/1
   125 | D:1      | Reached XP level 2. HP: 24/24 MP: 3/3
   390 | D:1      | Reached XP level 3. HP: 25/29 MP: 4/4
   979 | D:2      | Found a deep blue altar of Sif Muna.
  1231 | D:2      | Reached XP level 4. HP: 22/35 MP: 5/5
  1235 | D:2      | Reached skill level 4 in Long Blades
  2165 | D:3      | Found a sparkling altar of Nemelex Xobeh.
  2185 | D:3      | Reached XP level 5. HP: 38/41 MP: 7/7
  2205 | D:3      | Noticed Meriados' ghost (average DEWz)
  2230 | D:3      | Killed Meriados' ghost
  2230 | D:3      | Reached XP level 6. HP: 13/48 MP: 8/8
  2489 | D:3      | Noticed Natasha
  2517 | D:3      | Killed Natasha
  2699 | D:3      | Noticed Natasha
  2711 | D:3      | Killed Natasha
  2791 | D:3      | Noticed Sigmund
  2816 | D:3      | Killed Sigmund
  2816 | D:3      | Reached skill level 5 in Long Blades
  3126 | D:3      | Noticed Natasha
  3137 | D:3      | Killed Natasha
  3171 | D:4      | Noticed a sky beast
  3224 | D:4      | Found a sand-covered staircase.
  3224 | D:4      | Noticed Meriados' ghost (average DEWz)
  3233 | D:4      | Killed Meriados' ghost
  3233 | D:4      | Reached XP level 7. HP: 37/55 MP: 9/9
  3605 | D:4      | Reached skill level 5 in Shields
  3785 | D:4      | Killed a sky beast
  3785 | D:4      | Reached skill level 5 in Armour
  3811 | D:4      | Noticed Crazy Yiuf
  3820 | D:4      | Killed Crazy Yiuf
  4199 | D:4      | Found a glowing silver altar of Zin.
  4365 | D:5      | Entered Level 5 of the Dungeon
  4432 | D:5      | Reached skill level 5 in Fighting
  4470 | D:5      | Reached XP level 8. HP: 50/62 MP: 11/11
  4603 | D:5      | You fall through a shaft for 2 floors!
  4606 | D:7      | Found a shattered altar of Ashenzari.
  5306 | D:7      | Found a shadowy altar of Dithmenos.
  5306 | D:7      | Found a bloodstained altar of Trog.
  5359 | D:7      | Reached skill level 6 in Long Blades
  6384 | D:7      | Noticed Menkaure
  6729 | D:6      | Reached XP level 9. HP: 62/70 MP: 12/12
  6793 | D:6      | Reached skill level 7 in Shields
  6917 | D:5      | Found a shadowy altar of Dithmenos.
  7163 | D:5      | Found a staircase to the Ecumenical Temple.
  7267 | Temple   | Entered the Ecumenical Temple
  7375 | Temple   | Became a worshipper of Warmaster Okawaru
  7557 | D:5      | Found a stormy altar of Qazlal.
  8027 | D:6      | Noticed Dowan
  8049 | D:6      | Killed Dowan
  8412 | D:6      | Acquired Okawaru's first power
  8688 | D:6      | Got a jewelled cutlass {drain}
  8689 | D:6      | Identified the +11 cutlass of the Ass {drain, rElec} (You took it off a crimson imp on level 6 of the Dungeon)
  8852 | D:6      | Noticed Duvessa
  8867 | D:6      | Killed Duvessa
  8928 | D:6      | Reached skill level 1 in Short Blades
  8943 | D:6      | Reached skill level 8 in Shields
  9609 | D:7      | Reached XP level 10. HP: 79/79 MP: 13/13
  9952 | D:8      | Noticed Psyche
  9964 | D:8      | Killed Psyche
  9978 | D:8      | Noticed Erolcha
  9986 | D:8      | Killed Erolcha
 10137 | D:8      | Identified Sif Muna's Disquisition on the Vitriolic Glacier
 10159 | D:8      | Found Breimien's Gadget Shoppe.
 10176 | D:8      | Found a staircase to the Lair.
 10210 | D:8      | Reached skill level 5 in Short Blades
 10259 | D:8      | Found an opulent altar of Gozag.
 10362 | D:8      | Found a white marble altar of Elyvilon.
 10386 | D:8      | Noticed Blork the orc
 10395 | D:8      | Killed Blork the orc
 10395 | D:8      | Reached skill level 9 in Shields
 10791 | D:9      | Noticed uri's ghost (experienced SpEn)
 10848 | Lair:1   | Entered Level 1 of the Lair of Beasts
 10931 | Lair:1   | Reached XP level 11. HP: 76/87 MP: 15/15
 11040 | Lair:1   | Noticed Erica
 11049 | Lair:1   | Killed Erica
 11315 | Lair:1   | Noticed Gastronok
 11334 | Lair:1   | Killed Gastronok
 11334 | Lair:1   | Reached skill level 10 in Shields
 11337 | Lair:1   | Acquired Okawaru's second power
 11361 | Lair:1   | Noticed a seven-headed hydra
 11374 | Lair:1   | You fall through a shaft!
 11612 | Lair:1   | Killed a ten-headed hydra
 11728 | Lair:1   | Noticed Joseph
 11739 | Lair:1   | Killed Joseph
 11739 | Lair:1   | Received a gift from Okawaru
 11743 | Lair:1   | Got a pair of shimmering boots {god gift}
 11750 | Lair:1   | Identified the +2 pair of boots of Prudence {rC+ rN+} (Okawaru gifted it to you on level 1 of the Lair of Beasts)
 12061 | Lair:2   | Found a shimmering altar of Xom.
 12207 | Lair:2   | Reached XP level 12. HP: 85/97 MP: 16/16
 12318 | Lair:2   | Reached skill level 10 in Fighting
 12849 | Lair:2   | Reached skill level 10 in Armour
 13318 | Lair:3   | Reached skill level 11 in Shields
 13689 | Lair:3   | Found a staircase to the Snake Pit.
 13717 | Lair:3   | Reached skill level 10 in Short Blades
 14035 | Lair:3   | Noticed Snorg
 14074 | Lair:3   | Killed Snorg
 14508 | Lair:4   | Reached XP level 13. HP: 93/105 MP: 17/17
 14781 | Lair:4   | Noticed a four-headed hydra
 14793 | Lair:3   | You fall through a shaft for 2 floors!
 15071 | Lair:5   | Received a gift from Okawaru
 15779 | Lair:4   | Reached skill level 12 in Shields
 16090 | Lair:4   | Found a staircase to the Swamp.
 16559 | Lair:3   | a five-headed hydra changed into an alligator
 18404 | Lair:5   | Received a gift from Okawaru
 18738 | Lair:6   | Noticed vYxOr's ghost (powerful OgFi)
 18786 | Lair:6   | Killed vYxOr's ghost
 18786 | Lair:6   | Reached XP level 14. HP: 38/114 MP: 18/18
 19808 | Lair:7   | Received a gift from Okawaru
 19811 | Lair:7   | Got a crude scale mail {god gift}
 19823 | Lair:7   | Identified the -8 scale mail of the Other World {rC+ MR++} (Okawaru gifted it to you on level 7 of the Lair of Beasts)
 20078 | Lair:7   | Reached skill level 13 in Shields
 21037 | Lair:7   | Found a staircase to the Slime Pits.
 21289 | Lair:8   | Entered Level 8 of the Lair of Beasts
 22059 | Lair:8   | Received a gift from Okawaru
 22191 | Lair:8   | Upgraded the game from 0.15-a0-2213-gb17132f to 0.15-a0-2227-g1e78800
 22336 | Lair:8   | Reached XP level 15. HP: 104/122 MP: 19/19
 22767 | Lair:8   | Reached skill level 14 in Short Blades
 22987 | Lair:8   | Got a warped long sword
 22994 | Lair:8   | Identified the +2 long sword of Order {slice, rPois} (You found it on level 8 of the Lair of Beasts)
 24012 | D:9      | Found Ohihab's Book Shoppe.
 24061 | D:9      | Killed uri's ghost
 24197 | D:9      | Found a basalt altar of Yredelemnul.
 24654 | D:6      | Found a shimmering altar of Xom.
 25066 | D:10     | Entered Level 10 of the Dungeon
 25236 | D:10     | Received a gift from Okawaru
 25237 | D:10     | Got a warped dagger {god gift}
 25239 | D:10     | Identified the +6 dagger of Qyroutia {antimagic, rN+ Str-4} (Okawaru gifted it to you on level 10 of the Dungeon)
 25380 | D:10     | Found a staircase to the Orcish Mines.
 25533 | D:10     | Noticed Josephine
 25562 | D:10     | Killed Josephine
 25777 | D:10     | Noticed Eustachio
 25790 | D:10     | Killed Eustachio
 25805 | D:10     | Found Cloes' Jewellery Emporium.
 26000 | Orc:1    | Entered Level 1 of the Orcish Mines
 26864 | Orc:2    | Found a flagged portal.
 26892 | Bailey   | Entered a bailey
 27199 | Orc:2    | Found Straashi's Armour Boutique.
 27243 | Orc:2    | Received a gift from Okawaru
 27247 | Orc:2    | Got a dazzling ring mail {god gift}
 27266 | Orc:2    | Identified the +9 ring mail of Distant Worlds {Str+2} (Okawaru gifted it to you on level 2 of the Orcish Mines)
 28000 | Orc:3    | Noticed Grum
 28023 | Orc:3    | Killed Grum
 28065 | Orc:3    | Found a staircase to the Elven Halls.
 28093 | Orc:3    | Found Ydif's Magic Scroll Emporium.
 28808 | Orc:4    | Entered Level 4 of the Orcish Mines
 29616 | Orc:4    | Killed from afar by an orc priest

Action                   |  1- 3 |  4- 6 |  7- 9 | 10-12 | 13-15 || total
-------------------------+-------+-------+-------+-------+-------++-------
Melee: Long sword        |   157 |   237 |   469 |       |       ||   863
       Falchion          |       |       |   290 |       |       ||   290
       Cutlass           |       |       |    57 |   594 |  2241 ||  2892
       Scimitar          |       |       |       |       |    24 ||    24
       Executioner's axe |       |       |       |       |     6 ||     6
       Dagger            |       |       |       |       |     3 ||     3
Invok: Heroism           |       |       |       |     3 |     3 ||     6
 Abil: Dig               |       |     2 |    10 |     7 |    27 ||    46
       Shaft Self        |       |       |       |     1 |     1 ||     2
Evoke: Wand              |       |     1 |     2 |    12 |    15 ||    30
  Use: Potion            |       |     4 |       |     2 |       ||     6
       Scroll            |       |       |     3 |       |    16 ||    19
  Eat: Chunk             |     1 |     7 |    20 |    17 |    51 ||    96
       Pizza             |       |       |     2 |       |     1 ||     3
       Fruit             |       |       |       |     1 |       ||     1
       Royal jelly       |       |       |       |       |     1 ||     1
